 Dungeon Crawl Stone Soup version 0.20.1-1-g8b1a95d (webtiles) character file.

48 Harlock the Sneak (level 3, -1/45 HPs)
             Began as a Draconian Assassin on Aug 29, 2017.
             Killed from afar by Sigmund (8 damage)
             ... with a puff of flame
             ... on level 2 of the Dungeon.
             The game lasted 00:04:38 (1301 turns).

Harlock the Sneak (Draconian Assassin)              Turns: 1301, Time: 00:04:38

Health: -1/45      AC: 21    Str: 14    XL:     3   Next: 50%
Magic:  3/3        EV:  2    Int: 11    God:
Gold:   56         SH:  0    Dex: 12    Spells: 2/2 levels left

rFire    . . .     SeeInvis .   a - +2 dagger
rCold    . . .     Gourm    .   (no shield)
rNeg     + + +     Faith    .   (armour unavailable)
rPois    +         Spirit   .   (helmet currently unavailable)
rElec    .         Reflect  .   (cloak currently unavailable)
rCorr    .         Harm     .   (gloves currently unavailable)
MR       .....     NoTele   +   (boots currently unavailable)
Stlth    ++........             (no amulet)
Regen    0.2/turn               (no ring)
MPRegen  0.1/turn               (no ring)

@: tree-form
A: unfitting armour, AC +5
a: no special abilities


You were on level 2 of the Dungeon.
You were not hungry.
You were a tree.
You visited 1 branch of the dungeon, and saw 2 of its levels.

You collected 56 gold pieces.

Inventory:

Hand Weapons
 a - a +2 dagger (weapon)
 b - a +0 blowgun
Missiles
 d - 8 poisoned needles
 e - 2 curare-tipped needles
Armour
 c - a +0 cloak (melded)
Scrolls
 g - a scroll of remove curse {unknown}
 h - 2 scrolls of identify {unknown}
 k - a scroll of amnesia {unknown}
Potions
 j - a potion of curing {unknown}
Comestibles
 f - 2 bread rations
 i - a chunk of flesh


   Skills:
 + Level 2.3 Fighting
 + Level 2.8 Short Blades
 + Level 1.7 Throwing
 + Level 1.5 Dodging
 + Level 4.2 Stealth


You had 2 spell levels left.
You didn't know any spells.

Dungeon Overview and Level Annotations

Branches:
Dungeon (2/15)

Altars:

Annotations:
D:2 Sigmund


Innate Abilities, Weirdness & Mutations

((Your plain brown scales are hard. (AC +5)))
You cannot fit into any form of body armour.
((You are cold-blooded and may be slowed by cold attacks.))


Message History

You cannot move.
You barely miss something. You closely miss something.
Something hits you but does no damage.
You completely miss something. You miss something.
Something hits you but does no damage.
You hit something. You hit something. Something hits you but does no damage.
You closely miss something. Something hits you but does no damage.
You hit something. You hit something but do no damage.
You hear a zap.
Something tries to affect you, but you resist.
You hit something. Something hits you but does no damage.
You closely miss something.
Sigmund appears from thin air!
Reactivating autopickup.
You hit Sigmund.
Sigmund is heavily wounded.
Sigmund points at you and mumbles some strange words.
Helpless, you fail to dodge the puff of flame.
You die...

########...#.........
.......#.............##
.......#...............
.....................##
r.....#.............#.
...........#.......#..
####.................
##.###.@$...#...####...#
.......♣..####........
.......####...........
....... #.........##
....... #)........#
....... #.........####
#..#.....##..........#.#
#..................<#.#.
...#.....#........)†)###
.............<##†#.


You could see Sigmund.

Vanquished Creatures
  An ooze (D:1)
  2 worms (D:2)
  2 leopard geckos (D:2)
  2 ball pythons
  2 giant cockroaches (D:1)
  6 hobgoblins
  2 jackals (D:2)
  3 bats (D:1)
  3 frilled lizards
  3 goblins (D:1)
  5 kobolds (D:1)
  5 rats
36 creatures vanquished.

Notes
Turn   | Place    | Note
-------+----------+-------------------------------------------
     0 | D:1      | Harlock the Draconian Assassin began the quest for the Orb.
     0 | D:1      | Reached XP level 1. HP: 17/17 MP: 1/1
    54 | D:1      | Reached skill level 1 in Dodging
   368 | D:1      | Reached skill level 4 in Stealth
   368 | D:1      | Reached XP level 2. HP: 14/24 MP: 2/2
  1159 | D:2      | Reached XP level 3. HP: 30/30 MP: 3/3
  1267 | D:2      | Noticed Sigmund
  1301 | D:2      | Killed from afar by Sigmund

Skill      XL: |  1 |
---------------+----+-----
Dodging        | 1 |  1.5
Stealth        | 4 |  4.2
Fighting       | |  2.3
Short Blades   | |  2.8
Throwing       | |  1.7

Action                   || total
-------------------------++-------
Melee: Dagger            ||   139
       Tailslap          ||    12
 Stab: Sleeping          ||     2
  Eat: Chunk             ||     1
Armor: Skin              ||    40
Dodge: Dodged            ||    78
